 Dungeon Crawl Stone Soup version 0.30.1-11-g7821555f0a (webtiles) character file.

Game seed: 287409229095503891

16889 jfcaron the Covert (level 12, -2/94 HPs)
             Began as a Gnoll Brigand on Nov 3, 2023.
             Was an Elder of Okawaru.
             Slain by a death yak (11 damage)
             ... on level 1 of the Lair of Beasts.
             The game lasted 00:48:41 (13559 turns).

jfcaron the Covert (Gnoll Brigand)                 Turns: 13559, Time: 00:48:41

Health: -2/94      AC: 19    Str: 15    XL:     12   Next: 42%
Magic:  15/23      EV: 17    Int: 10    God:    Okawaru [****..]
Gold:   2445       SH:  0    Dex: 15    Spells: 20/26 levels left

rFire   . . .        a - +6 spear (venom)
rCold   + . .        (no shield)
rNeg    . . .        E - +3 ring mail
rPois   .            h - +0 helmet
rElec   .            c - +0 cloak
rCorr   .            l - +0 pair of gloves
SInv    .            O - +2 pair of boots
Will    .....        p - amulet of the acrobat
Stlth   ++++++       z - ring of protection from cold
HPRegen 0.35/turn    d - ring of wizardry
MPRegen 0.18/turn

%: acrobat, wizardry (x1)
@: heroic
A: fangs 1, strong nose, distributed training
a: Renounce Religion, Heroism, Finesse


You were on level 1 of the Lair of Beasts.
You worshipped Okawaru.
Okawaru was greatly pleased with you.
You visited 3 branches of the dungeon, and saw 12 of its levels.
You also visited: Bailey.

You collected 2454 gold pieces.
You spent 9 gold pieces at shops.

Inventory:

Hand Weapons
 a - a +6 spear of venom (weapon)
   (You took it off a gnoll sergeant on level 9 of the Dungeon)
 b - the +9 sling of the Real Monster {antimagic, Dex+2}
   (You found it on level 10 of the Dungeon)

   Dex:       It affects your dexterity (+2).
 R - a +3 heavy dagger
Missiles
 i - 4 stones
 m - 5 curare-tipped darts {!f}
 v - 8 javelins
 B - 11 throwing nets {!f}
 D - 3 boomerangs of dispersal {!f}
 L - 11 atropa-tipped darts {!f}
 Q - 3 poisoned darts
Armour
 c - a +0 cloak (worn)
 h - a +0 helmet (worn)
 l - a +0 pair of gloves (worn)
 E - a +3 ring mail (worn)
 I - a +2 ring mail of cold resistance
   (You found it in a bailey)
 O - a +2 pair of boots (worn)
Jewellery
 d - a ring of wizardry (right hand)
   (You found it on level 9 of the Dungeon)
 p - an amulet of the acrobat (around neck)
   (You found it on level 2 of the Dungeon)
 z - a ring of protection from cold (left hand)
   (You found it on level 4 of the Dungeon)
 C - a ring of fire
   (You found it on level 4 of the Dungeon)
Wands
 x - a wand of light (8)
   (You found it on level 3 of the Dungeon)
 H - a wand of mindburst (5)
 J - a wand of digging (6)
   (You took it off an orc on level 5 of the Dungeon)
 M - a wand of polymorph (10)
Scrolls
 f - 2 scrolls of blinking
 g - 9 scrolls of immolation
 j - 3 scrolls of enchant weapon
 n - 3 scrolls of vulnerability
 r - 3 scrolls of teleportation
Potions
 e - 2 potions of magic
 k - 2 potions of haste
 q - a potion of lignification
 t - a potion of flight {unknown}
 w - 2 potions of berserk rage
 y - 2 potions of attraction
 F - a potion of cancellation
 K - a potion of might
 N - a potion of resistance


   Skills:
 + Level 8.9(13.9) Fighting
 + Level 8.9(13.9) Short Blades
 + Level 7.5(12.5) Long Blades
 + Level 7.5(12.5) Axes
 + Level 7.5(12.5) Maces & Flails
 + Level 7.5(12.5) Polearms
 + Level 7.5(12.5) Staves
 + Level 7.5(12.5) Ranged Weapons
 + Level 8.9(13.9) Throwing
 + Level 7.5(12.5) Armour
 + Level 8.0(13.0) Dodging
 + Level 10.9(15.9) Stealth
 + Level 7.5(12.5) Shields
 + Level 7.5(12.5) Unarmed Combat
 + Level 7.5 Spellcasting
 + Level 6.2 Conjurations
 + Level 6.2 Hexes
 + Level 6.2 Summonings
 + Level 6.2 Necromancy
 + Level 6.2 Translocations
 + Level 6.2 Transmutations
 + Level 6.2 Fire Magic
 + Level 6.2 Ice Magic
 + Level 6.2 Air Magic
 + Level 6.2 Earth Magic
 + Level 6.2 Poison Magic
 + Level 8.3 Invocations
 + Level 7.5 Evocations


You had 20 spell levels left.
You knew the following spells:

 Your Spells              Type           Power      Damage    Failure   Level
a - Apportation           Tloc           32%        N/A       1%          1
b - Wereblood             Tmut           16%        N/A       1%          2
c - Frozen Ramparts       Ice            32%        1d5       2%          3

Your spell library contained the following spells:

 Spells                   Type           Power      Damage    Failure   Level
 Sandblast                Erth           32%        2d9       1%          1
 Poisonous Vapours        Pois/Air       32%        N/A       1%          2
 Scorch                   Fire           32%        2d6       1%          2
 Sublimation of Blood     Necr           16%        N/A       1%          2
 Dazzling Flash           Conj/Hex       32%        N/A       2%          3
 Gell's Gravitas          Tloc           16%        N/A       2%          3
 Mephitic Cloud           Conj/Pois/Air  16%        N/A       2%          3
 Teleport Other           Tloc           16%        N/A       2%          3
 Flame Wave               Conj/Fire      16%        2d7       9%          4
 Ice Form                 Ice/Tmut       16%        N/A       9%          4
 Leda's Liquefaction      Hex/Erth       8%         N/A       9%          4
 Petrify                  Tmut/Erth      16%        N/A       9%          4
 Agony                    Necr           16%        N/A       24%         5
 Alistair's Intoxication  Tmut/Pois      10%        N/A       24%         5
 Freezing Cloud           Conj/Ice/Air   8%         6-21      24%         5
 Lee's Rapid Deconstruct  Erth           8%         3d7*      24%         5
 Silence                  Hex/Air        8%         N/A       24%         5
 Dispersal                Tloc           8%         N/A       75%         6
 Statue Form              Tmut/Erth      10%        N/A       75%         6
 Lehudib's Crystal Spear  Conj/Erth      8%         10d3      100%        8
 Summon Ice Beast         Ice/Summ       Unusable   N/A       N/A         4
 Summon Cactus Giant      Summ           Unusable   N/A       N/A         6
 Summon Hydra             Summ           Unusable   N/A       N/A         7

Dungeon Overview and Level Annotations

Branches:
Dungeon (10/15)            Temple (1/1) D:4            Lair (1/5) D:8
 Bailey (visited)
    Orc: D:9-12

Altars:
Ashenzari
Cheibriados
Dithmenos
Elyvilon
Fedhas
Gozag
Hepliaklqana
Kikubaaqudgha
Makhleb
Nemelex Xobeh
Okawaru
Qazlal
Ru
Sif Muna
Trog
Uskayaw
Vehumet
Wu Jian
Xom
Yredelemnul
Zin
The Shining One

Shops:
D:4 (   D:6 :   D:7 *

Annotations:
D:7 exclusion: 2 skeletal warriors


Innate Abilities, Weirdness & Mutations

You have very sharp teeth.
Your uncanny sense of smell can sniff out nearby items.
Your experience applies equally to all skills.


Message History

Casting: Frozen Ramparts (mildly dangerous; 2% risk of failure)
Confirm with . or Enter, or press ? or * to list all spells.
Casting: Frozen Ramparts (mildly dangerous; 2% risk of failure)
Press: ? - help, Dir - look around, f - activate The walls around you are covered in ice.
The wall freezes the death yak but does no damage.
The death yak gores you.
* * * LOW HITPOINT WARNING * * *
The wall freezes the death yak but does no damage.
The wall freezes the death yak but does no damage.
The death yak closely misses you.
The wall freezes the death yak.
The wall freezes the death yak but does no damage.
The death yak completely misses you.
The wall freezes the death yak but does no damage.
You kill the death yak!
Okawaru accepts your kill.
The wall freezes the death yak.
Reach: a) +6 spear (venom)
Press: ? - help, Dir - move target, f - death yak
Aim: a death yak (about 14% to evade your +6 spear of venom)
The death yak is in the way.
You hit the death yak but do no damage.
The death yak looks as sick as possible!
The death yak is severely wounded.
Reach: a) +6 spear (venom)
Press: ? - help, Dir - move target, f/p - death yak
Aim: a death yak (about 14% to evade your +6 spear of venom)
You reach to attack!
You hit the death yak but do no damage.
The death yak is poisoned.
The wall freezes the death yak but does no damage.
The death yak gores you!
* * * LOW HITPOINT WARNING * * *
The wall freezes the death yak.
As you read the scroll of fear, it crumbles to dust.
You assume a fearsome visage.
The death yak resists with almost no effort.
The death yak easily resists.
The frozen ramparts melt away.
The death yak gores you but does no damage.
Okay, then.
You feel better. The death yak gores you!
You die...

#♣♣♣####
#...♣..♣.♣♣.♣♣
#P...♣♣♣.♣.♣♣.
##....♣.♣.♣♣♣♣
##....♣.♣♣♣ ♣
##......♣♣.♣ ♣
##.#....♣..♣P♣♣♣
##Y##.....♣.♣♣P♣.
##Y###........♣♣♣♣
##@##
#............
##.##
#............ #.##
#............ ###
#............
#............
##............
#.............
##............
#....#####.###


You could see 2 death yaks.

Vanquished Creatures
  A two-headed ogre (D:10)
  4 death yaks (Lair:1)
  Pikel (D:4)
  A black mamba (Lair:1)
  5 cane toads (Lair:1)
  3 komodo dragons (Lair:1)
  2 trolls
  Grinder (D:5)
  A hornet (D:9)
  A blink frog (Lair:1)
  Prince Ribbit (D:5)
  A wyvern (Lair:1)
  10 yaks
  4 fire bats (D:8)
  A basilisk (Lair:1)
  2 wraiths (D:10)
  An acid dragon (D:10)
  7 water moccasins
  A hell hound (D:8)
  Duvessa (D:4)
  A sky beast (D:6)
  2 black bears
  2 orc warriors
  3 ogres
  2 centaurs
  11 wolves
  2 lemures (D:4)
  A phantom (D:5)
  A kobold brigand (D:7)
  8 bullfrogs
  3 scorpions
  12 gnoll sergeants
  28 killer bees
  Dowan (D:4)
  2 electric eels (Lair:1)
  A howler monkey (D:9)
  2 lava snakes (D:8)
  4 hounds
  6 orc priests
  2 sleepcaps
  An iron imp (D:4)
  6 gnoll boudas
  4 iguanas
  9 orc wizards
  Robin (D:2)
  10 adders
  39 gnolls
  A shadow imp (D:7)
  3 white imps
  2 ufetubi
  2 worms
  2 dart slugs (D:1)
  28 orcs
  8 endoplasms
  3 giant cockroaches
  14 goblins
  15 hobgoblins
  6 jackals (D:1)
  7 kobolds
  3 quokkas
  6 ball pythons
  4 bats
  3 rats
  3 fire vortices (D:8)
323 creatures vanquished.

Notes
Turn   | Place    | Note
-------+----------+-------------------------------------------
     0 | D:1      | jfcaron the Gnoll Brigand began the quest for the Orb.
     0 | D:1      | Reached XP level 1. HP: 20/20 MP: 1/1
    95 | D:1      | Reached XP level 2. HP: 18/26 MP: 2/2
   747 | D:1      | Reached XP level 3. HP: 23/31 MP: 3/3
  1046 | D:2      | Reached skill level 1 in Invocations
  1114 | D:2      | Reached skill level 1 in Long Blades
  1114 | D:2      | Reached skill level 1 in Axes
  1114 | D:2      | Reached skill level 1 in Maces & Flails
  1114 | D:2      | Reached skill level 1 in Polearms
  1114 | D:2      | Reached skill level 1 in Staves
  1114 | D:2      | Reached skill level 1 in Ranged Weapons
  1114 | D:2      | Reached skill level 1 in Armour
  1114 | D:2      | Reached skill level 1 in Shields
  1114 | D:2      | Reached skill level 1 in Unarmed Combat
  1114 | D:2      | Reached skill level 1 in Spellcasting
  1114 | D:2      | Reached skill level 1 in Evocations
  1327 | D:2      | Reached XP level 4. HP: 37/38 MP: 5/5
  1436 | D:2      | Noticed Robin
  1459 | D:2      | Killed Robin
  1460 | D:2      | Reached skill level 1 in Conjurations
  1460 | D:2      | Reached skill level 1 in Hexes
  1460 | D:2      | Reached skill level 1 in Summonings
  1460 | D:2      | Reached skill level 1 in Necromancy
  1460 | D:2      | Reached skill level 1 in Translocations
  1460 | D:2      | Reached skill level 1 in Transmutations
  1460 | D:2      | Reached skill level 1 in Fire Magic
  1460 | D:2      | Reached skill level 1 in Ice Magic
  1460 | D:2      | Reached skill level 1 in Air Magic
  1460 | D:2      | Reached skill level 1 in Earth Magic
  1460 | D:2      | Reached skill level 1 in Poison Magic
  1528 | D:2      | Found a faded altar of an unknown god.
  2124 | D:3      | Found a shimmering altar of Xom.
  2368 | D:3      | Reached XP level 5. HP: 43/43 MP: 7/7
  2370 | D:3      | Noticed a water moccasin
  2522 | D:3      | Found an ancient bone altar of Kikubaaqudgha.
  3101 | D:3      | Killed a water moccasin
  3102 | D:3      | Reached skill level 8 in Stealth
  3102 | D:3      | Reached XP level 6. HP: 39/50 MP: 8/8
  3195 | D:4      | Found a staircase to the Ecumenical Temple.
  3210 | Temple   | Entered the Ecumenical Temple
  3367 | Temple   | Became a worshipper of Warmaster Okawaru
  3400 | D:4      | Reached skill level 5 in Fighting
  3400 | D:4      | Reached skill level 5 in Short Blades
  3400 | D:4      | Reached skill level 5 in Throwing
  3424 | D:4      | Found Noceanwi's Weapon Emporium.
  3435 | D:4      | Bought a stone for 1 gold piece
  3435 | D:4      | Bought 4 stones for 4 gold pieces
  3435 | D:4      | Bought 4 stones for 4 gold pieces
  3582 | D:4      | Noticed Duvessa
  3582 | D:4      | Noticed Dowan
  3599 | D:4      | Killed Duvessa
  3607 | D:4      | Killed Dowan
  3678 | D:4      | Noticed Pikel
  3730 | D:4      | Reached XP level 7. HP: 39/54 MP: 10/10
  3827 | D:4      | Killed Pikel
  3827 | D:4      | Reached * piety under Okawaru
  3827 | D:4      | Reached ** piety under Okawaru
  3828 | D:4      | Reached XP level 8. HP: 47/63 MP: 10/12
  4133 | D:4      | Found a snail-covered altar of Cheibriados.
  4452 | D:5      | Entered Level 5 of the Dungeon
  4797 | D:5      | Noticed Prince Ribbit
  4808 | D:5      | Killed Prince Ribbit
  4808 | D:5      | Reached *** piety under Okawaru
  4808 | D:5      | Noticed a troll
  4828 | D:5      | Killed a troll
  4829 | D:5      | Reached XP level 9. HP: 26/69 MP: 14/14
  5080 | D:5      | Found a broken altar of Ashenzari.
  5178 | D:5      | Received a gift from Okawaru
  5198 | D:5      | Found a stormy altar of Qazlal.
  5207 | D:5      | Noticed Grinder
  5217 | D:5      | Killed Grinder
  5218 | D:5      | Reached skill level 5 in Dodging
  5411 | D:6      | Reached skill level 9 in Stealth
  5593 | D:6      | Found Bykudose's Book Boutique.
  5707 | D:6      | Found an ornate altar of the Wu Jian Council.
  5911 | D:6      | Reached **** piety under Okawaru
  5912 | D:6      | Reached skill level 5 in Invocations
  6052 | D:6      | Found a shimmering blue altar of Sif Muna.
  6127 | D:7      | Noticed a skeletal warrior
  6134 | D:7      | Noticed a skeletal warrior
  6879 | D:7      | Found a shadowy altar of Dithmenos.
  6934 | D:7      | Reached skill level 5 in Long Blades
  6934 | D:7      | Reached skill level 5 in Axes
  6934 | D:7      | Reached skill level 5 in Maces & Flails
  6934 | D:7      | Reached skill level 5 in Polearms
  6934 | D:7      | Reached skill level 5 in Staves
  6934 | D:7      | Reached skill level 5 in Ranged Weapons
  6934 | D:7      | Reached skill level 5 in Armour
  6934 | D:7      | Reached skill level 5 in Shields
  6934 | D:7      | Reached skill level 5 in Unarmed Combat
  6934 | D:7      | Reached skill level 5 in Spellcasting
  6934 | D:7      | Reached skill level 5 in Evocations
  7024 | D:7      | Found Ukath's General Store.
  7051 | D:7      | Reached XP level 10. HP: 77/77 MP: 17/17
  7482 | D:8      | Received a gift from Okawaru
  7552 | D:8      | Found a glowing silver altar of Zin.
  7701 | D:8      | Reached ***** piety under Okawaru
  8006 | D:8      | Found a staircase to the Lair.
  8045 | D:8      | Learned a level 1 spell: Apportation
  8048 | D:8      | Learned a level 2 spell: Wereblood
  8096 | D:8      | Found a sparkling altar of Nemelex Xobeh.
  8705 | D:9      | Received a gift from Okawaru
  8915 | D:9      | Learned a level 3 spell: Frozen Ramparts
  9137 | D:9      | Reached skill level 5 in Conjurations
  9137 | D:9      | Reached skill level 5 in Hexes
  9137 | D:9      | Reached skill level 5 in Summonings
  9137 | D:9      | Reached skill level 5 in Necromancy
  9137 | D:9      | Reached skill level 5 in Translocations
  9137 | D:9      | Reached skill level 5 in Transmutations
  9137 | D:9      | Reached skill level 5 in Fire Magic
  9137 | D:9      | Reached skill level 5 in Ice Magic
  9137 | D:9      | Reached skill level 5 in Air Magic
  9137 | D:9      | Reached skill level 5 in Earth Magic
  9137 | D:9      | Reached skill level 5 in Poison Magic
  9186 | D:9      | Reached XP level 11. HP: 77/85 MP: 16/20
  9334 | D:9      | Reached skill level 10 in Stealth
  9758 | D:10     | Entered Level 10 of the Dungeon
  9765 | D:10     | Identified a scroll of acquirement
  9765 | D:10     | Acquired 803 gold pieces
  9767 | D:10     | Noticed a two-headed ogre
  9777 | D:10     | Killed a two-headed ogre
  9810 | D:10     | Received a gift from Okawaru
  9865 | D:10     | Found a flagged portal.
  9894 | D:10     | Identified the +9 sling of the Real Monster {antimagic,
                  | Dex+2}
  9906 | Bailey   | Entered a bailey
 10417 | Bailey   | Got the Codex of the Syncline
 10967 | Lair:1   | Entered Level 1 of the Lair of Beasts
 11009 | Lair:1   | Identified the +0 chain mail of Lifelessness {SInv}
                  | (Okawaru gifted it to you on level 1 of the Lair of Beasts)
 11009 | Lair:1   | Received a gift from Okawaru
 11047 | Lair:1   | HP: 16/87 [cane toad (8)]
 11055 | Lair:1   | HP: 13/87 [black bear (5)]
 11405 | Lair:1   | Reached XP level 12. HP: 67/94 MP: 22/22
 11824 | Lair:1   | Noticed a death yak
 11834 | Lair:1   | Noticed a death yak
 11836 | Lair:1   | Killed a death yak
 11836 | Lair:1   | Noticed a death yak
 11837 | Lair:1   | Noticed a death yak
 11844 | Lair:1   | Noticed a death yak
 12493 | Lair:1   | Noticed a death yak
 12872 | Lair:1   | Killed a death yak
 12883 | Lair:1   | Killed a death yak
 13552 | Lair:1   | HP: 16/94 [death yak (3)]
 13555 | Lair:1   | Killed a death yak
 13557 | Lair:1   | HP: 1/94 [death yak (17)]
 13559 | Lair:1   | Slain by a death yak

Illustrated notes

Levels and vault maps discovered:
D:1:      psy_arrival_fountain, layout_basic, serial_bayou_ford_a
D:2:      layout_loops_corners, ebering_ecumenical_altar_mist, uniq_robin
D:3:      layout_basic, lemuel_tele_altar, mainiacjoe_overflow_catwalk
D:4:      layout_basic, slow_altar_2, minmay_temple_entry_offerings,
          serial_shops, shop, uniq_duvessa, uniq_pikel
D:5:      layout_cave_pools, mainiacjoe_overflow_surrounded_room,
          evilmike_ruin_ashenzari, uniq_grinder, uniq_prince_ribbit1
D:6:      layout_rooms, kennysheep_mini_moat, led_sif_pool, serial_shops, shop,
          kennysheep_dice
D:7:      layout_loops_ring, grunt_dithmenos_smoke_and_mirrors,
          nicolae_take_the_stairs
D:8:      layout_cave_pools, nemelex_spade_bored_becter,
          mainiacjoe_overflow_brackets, lair_entry_dummy,
          hangedman_abyss_or_decor_passed, hangedman_incinerator
D:9:      layout_rooms
D:10:     layout_rooms, enter_bailey_2
Temple:   hellmonk_temple_flake
Lair:1:   layout_long_grid, minmay_stone_trees_medium, wad_woods_river_01,
          serial_bayou_shore_b, grunt_megastairs_3

Skill      XL: |  1  2  3  4  5  6  7  8  9 10 11 12 |
---------------+-------------------------------------+-----
Invocations    | 1 2 3 4 5 6 7 8 |  8.3
Long Blades    | 1 2 3 5 6 7 |  7.5
Axes           | 1 2 3 5 6 7 |  7.5
Maces & Flails | 1 2 3 5 6 7 |  7.5
Polearms       | 1 2 3 5 6 7 |  7.5
Staves         | 1 2 3 5 6 7 |  7.5
Ranged Weapons | 1 2 3 5 6 7 |  7.5
Armour         | 1 2 3 5 6 7 |  7.5
Shields        | 1 2 3 5 6 7 |  7.5
Unarmed Combat | 1 2 3 5 6 7 |  7.5
Spellcasting   | 1 2 3 5 6 7 |  7.5
Evocations     | 1 2 3 5 6 7 |  7.5
Conjurations   | 1 2 3 4 5 6 |  6.2
Hexes          | 1 2 3 4 5 6 |  6.2
Summonings     | 1 2 3 4 5 6 |  6.2
Necromancy     | 1 2 3 4 5 6 |  6.2
Translocations | 1 2 3 4 5 6 |  6.2
Transmutations | 1 2 3 4 5 6 |  6.2
Fire Magic     | 1 2 3 4 5 6 |  6.2
Ice Magic      | 1 2 3 4 5 6 |  6.2
Air Magic      | 1 2 3 4 5 6 |  6.2
Earth Magic    | 1 2 3 4 5 6 |  6.2
Poison Magic   | 1 2 3 4 5 6 |  6.2
Dodging        | 3 4 5 6 7 8 |  8.0
Stealth        | 8 9 10 | 10.9
Fighting       | 5 6 7 8 |  8.9
Short Blades   | 5 6 7 8 |  8.9
Throwing       | 5 6 7 8 |  8.9

Action                     |  1- 3 |  4- 6 |  7- 9 | 10-12 || total
---------------------------+-------+-------+-------+-------++-------
  Melee: Dagger            |    97 |   157 |   347 |   362 ||   963
         Bite              |     3 |    20 |    41 |   103 ||   167
         Punch             |     2 |     1 |    13 |    39 ||    55
         Spear             |       |       |       |   529 ||   529
         Mace              |       |       |       |    15 ||    15
         Morningstar       |       |       |       |     2 ||     2
   Fire: Sling             |       |       |       |    11 ||    11
  Throw: Dart              |    32 |    25 |    74 |    75 ||   206
         Stone             |    22 |    36 |    44 |    29 ||   131
         Boomerang         |       |       |    73 |    20 ||    93
         Javelin           |       |       |       |    20 ||    20
   Cast: Frozen Ramparts   |       |       |       |    12 ||    12
 Invoke: Heroism           |       |       |       |     8 ||     8
  Evoke: Wand              |       |     6 |     8 |    15 ||    29
    Use: Scroll            |     1 |     3 |     8 |    11 ||    23
         Potion            |       |     1 |       |     3 ||     4
   Stab: Sleeping          |       |     8 |     1 |     4 ||    13
         Invisible         |       |     1 |     4 |     6 ||    11
         Distracted        |       |       |       |     1 ||     1
 Armour: Robe              |     4 |       |       |       ||     4
         Ring mail         |    19 |    45 |    18 |    63 ||   145
         Troll leather arm |       |       |    61 |   184 ||   245
  Dodge: Dodged            |    40 |    77 |   155 |   723 ||   995

Table legend: (Time is in decaauts)
 A = Elapsed time spent in this place.
 B = Non-inter-level travel time spent in this place.
 C = Inter-level travel time spent in this place.
 D = Time resting spent in this place.
 E = Time spent auto-exploring this place.
 F = Levels seen in this place.
 G = Mean time per level.
                   A        B        C        D        E       F      G
               +--------+--------+--------+--------+--------+-----+--------+
         Total |  13044 |  12414 |    630 |   1796 |   6996 |  13 | 1003.4 |
       Dungeon |  10144 |   9555 |    589 |    942 |   6072 |  10 | 1014.4 |
        Temple |    166 |    143 |     23 |      0 |    127 |   1 |  166.0 |
          Lair |   2228 |   2210 |     18 |    835 |    661 |   1 | 2228.0 |
        Bailey |    505 |    505 |      0 |     19 |    135 |   1 |  505.0 |
               +--------+--------+--------+--------+--------+-----+--------+

Top non-repeatable levels by time:
  Lair:1: 2228 daAuts
     D:8: 1457 daAuts
     D:7: 1213 daAuts
     D:2: 1150 daAuts
     D:4: 1060 daAuts
     D:3: 1051 daAuts
     D:9: 1031 daAuts
     D:1: 938 daAuts
     D:5: 907 daAuts
     D:6: 718 daAuts
    D:10: 615 daAuts
  Bailey: 505 daAuts
  Temple: 166 daAuts

Table legend:
 A = Kills in this place as a percentage of kills in the entire game.
 B = Kills by you in this place as a percentage of kills by you in the entire game.
 C = Kills by friends in this place as a percentage of kills by friends in the entire game.
 D = Other kills in this place as a percentage of other kills in the entire game.
 E = Experience gained in this place as a percentage of experience gained in the entire game.
 F = Experience gained in this place divided by the number of levels of this place that you have seen.
                   A       B       C       D       E      F
               +-------+-------+-------+-------+-------+----------------------
         Total | 100.0 | 100.0 | 100.0 |   N/A | 100.0 | 1856.0
       Dungeon |  78.2 |  78.2 | 100.0 |   N/A |  52.6 | 1269.7
          Lair |  11.7 |  11.7 |   0.0 |   N/A |  41.0 | 9893.0
        Bailey |  10.1 |  10.1 |   0.0 |   N/A |   6.4 | 1538.0
               +-------+-------+-------+-------+-------+----------------------

Levels and vault maps discovered:
D:1:      psy_arrival_fountain, layout_basic, serial_bayou_ford_a
D:2:      layout_loops_corners, ebering_ecumenical_altar_mist, uniq_robin
D:3:      layout_basic, lemuel_tele_altar, mainiacjoe_overflow_catwalk
D:4:      layout_basic, slow_altar_2, minmay_temple_entry_offerings,
          serial_shops, shop, uniq_duvessa, uniq_pikel
D:5:      layout_cave_pools, mainiacjoe_overflow_surrounded_room,
          evilmike_ruin_ashenzari, uniq_grinder, uniq_prince_ribbit1
D:6:      layout_rooms, kennysheep_mini_moat, led_sif_pool, serial_shops, shop,
          kennysheep_dice
D:7:      layout_loops_ring, grunt_dithmenos_smoke_and_mirrors,
          nicolae_take_the_stairs
D:8:      layout_cave_pools, nemelex_spade_bored_becter,
          mainiacjoe_overflow_brackets, lair_entry_dummy,
          hangedman_abyss_or_decor_passed, hangedman_incinerator
D:9:      layout_rooms
D:10:     layout_rooms, enter_bailey_2
Temple:   hellmonk_temple_flake
Lair:1:   layout_long_grid, minmay_stone_trees_medium, wad_woods_river_01,
          serial_bayou_shore_b, grunt_megastairs_3
